 Dungeon Sprint DCSS version 0.18.1-8-gdd0e5ea (webtiles) character file.

296 DarthKuruptios the Cleaver (level 6, 0/66 HPs)
             Began as a Minotaur Berserker on May 26, 2016.
             Was a Believer of Trog.
             Slain by Sonja
             ... wielding a +0 short sword of draining
              (5 damage)
             ... in the Dungeon (Sprint I: "Red Sonja").
             The game lasted 00:02:57 (213 turns).

DarthKuruptios the Cleaver (Minotaur Berserker)      Turns: 213, Time: 00:03:00

Health: 0/66       AC:  2    Str: 22    XL:     6   Next: 12%
Magic:  5/5        EV: 13    Int:  4    God:    Trog [**....]
Gold:   108        SH:  0    Dex: 11    Spells: 0 memorised, 5 levels left

rFire  . . .     SeeInvis .     a - +0 hand axe
rCold  . . .     Gourm    .     b - +0 animal skin
rNeg   . . .     Faith    .     (no shield)
rPois  .         Spirit   .     (helmet restricted)
rElec  .         Dismiss  .     (no cloak)
rCorr  .         Reflect  .     (no gloves)
SustAt .         Harm     .     (no boots)
MR     ++...     NoTele   +     (no amulet)
Stlth  +.........               (no ring)
                                (no ring)

@: lethally poisoned (0 -> -10), exhausted, regenerating, slowed, heavily
drained, very slow, very resistant to hostile enchantments, very unstealthy
A: retaliatory headbutt, horns 2
a: Berserk, Trog's Hand, Burn Spellbooks, Renounce Religion


You were in the Dungeon.
You worshipped Trog.
Trog was pleased with you.
You were near starving.

You visited 1 branch You collected 108 gold pieces.

Inventory:

Hand Weapons
 a - a +0 hand axe (weapon)
Armour
 b - a +0 animal skin (worn)
Wands
 j - a wand of flame (25/48)
Scrolls
 i - a scroll of blinking
Potions
 d - a potion of curing
 f - a potion of haste
 g - 2 potions of magic
 h - a potion of berserk rage
Comestibles
 c - a bread ration


   Skills:
 + Level 10.1(8.4) Fighting
 + Level 10.3(8.6) Axes
 + Level 5.3(3.9) Armour
 + Level 5.2(3.7) Dodging


You had 5 spell levels left.
You didn't know any spells.

Dungeon Overview and Level Annotations

Branches:
Dungeon (1/1)

Altars:
Sif Muna
Vehumet

Annotations:
D Sonja


Innate Abilities, Weirdness & Mutations

You reflexively headbutt those who attack you in melee.
You have a pair of horns on your head.


Message History

* * * LOW HITPOINT WARNING * * *
You feel drained.
* * * LOW HITPOINT WARNING * * *
Unknown command.
Unknown command.
Unknown command.
Drink which item? (? for menu, Esc to quit)
You feel much better.
You feel very sick.
Sonja hits you with an uncursed short sword of draining!
* * * LOW HITPOINT WARNING * * *
You feel drained.
* * * LOW HITPOINT WARNING * * *
Sonja barely misses you.
Sonja hits you with an uncursed short sword of draining!
* * * LOW HITPOINT WARNING * * *
You feel drained.
* * * LOW HITPOINT WARNING * * *
Sonja hits you with an uncursed short sword of draining.
You die...

################
#<.#..)..#.)'..#
#..'..#..'..#..+
#..#####+#####'#
#..# #[# #..#
##[# #..# #+#..+
#⌠⌠# +.@K_# ####
#_.#+# ##'# #(#
+$.$+ #$.$#
##(## #+#


You could see Sonja.

Vanquished Creatures
  Sigmund (D)
  An ogre (D)
  A jelly (D)
  Ijyb (D)
4 creatures vanquished.

Notes
Turn   | Place    | Note
--------------------------------------------------------------
     0 | D        | DarthKuruptios the Minotaur Berserker began the quest for the Orb.
     0 | D        | Reached XP level 1. HP: 19/19 MP: 0/0
     1 | D        | Noticed Ijyb
     4 | D        | Killed Ijyb
     4 | D        | Reached skill level 5 in Fighting
     4 | D        | Reached skill level 5 in Axes
     4 | D        | Reached XP level 2. HP: 28/29 MP: 1/1
   106 | D        | Noticed an ogre
   108 | D        | Killed an ogre
   108 | D        | Reached ** piety under Trog
   108 | D        | Reached XP level 3. HP: 40/40 MP: 2/2
   108 | D        | Reached XP level 4. HP: 48/48 MP: 3/3
   146 | D        | Noticed Sigmund
   153 | D        | Killed Sigmund
   153 | D        | Reached skill level 10 in Axes
   153 | D        | Reached skill level 5 in Armour
   153 | D        | Reached skill level 5 in Dodging
   153 | D        | Reached XP level 5. HP: 58/58 MP: 4/4
   153 | D        | Reached XP level 6. HP: 66/66 MP: 5/5
   193 | D        | Found a deep blue altar of Sif Muna.
   196 | D        | Found a radiant altar of Vehumet.
   202 | D        | Reached skill level 10 in Fighting
   205 | D        | Noticed Sonja
   212 | D        | HP: 3/66 [Sonja/uncursed short sword of draining (1)]
   213 | D        | Slain by Sonja

Skill      XL: |  1  2  3  4  5  6 |
---------------+-------------------+-----
Fighting       | 5 7 9 10 | 10.1
Axes           | 5 7 10 | 10.3
Armour         | 3 4 5 |  5.3
Dodging        | 4 5 |  5.2

Action                   |  1- 3 |  4- 6 || total
-------------------------+-------+-------++-------
Melee: Hand axe          |     2 |     8 ||    10
       Headbutt          |     1 |     1 ||     2
Invok: Berserk           |     2 |     2 ||     4
       Trog's Hand       |       |     1 ||     1
  Use: Potion            |       |     1 ||     1
Armor: Animal skin       |       |     1 ||     1
Dodge: Dodged            |     1 |     8 ||     9
